Map: Prion Terraces

Players

Slivers - Winner!

  • Race: Zerg Zerg
  • League: Gold

Saadistic

  • Race: Protoss Protoss
  • League: Platinum

VOD

Have the link to the VOD?

Description

Time

  • Played on: Nov. 17, 2015, 1:16 a.m.
  • Length: 12:13
Show
View Real Time Build Order
Export as new Build Order

Slivers Zerg - Winner!

Build Orders: Hatch First 

Get SALT Encoding   

  12  0:01  Drone  
  13  0:10  Drone  
  14  0:17  Overlord  
  14  0:22  Extractor  
  14  0:23  Drone  
  15  0:37  Drone x2  
  17  0:54  Hatchery  
  16  1:00  Drone  
  17  1:10  Spawning Pool  
  16  1:15  Drone  
  17  1:18  Extractor  
  17  1:20  Drone  
  17  1:36  Drone x2  
  19  1:45  Drone  
  20  1:57  Queen  
  22  2:01  Overlord  
  22  2:11  Queen  
  22  2:13  Overlord, Drone  
  25  2:16  Drone  
  25  2:22  Metabolic Boost  
  26  2:33  Drone x3  
  30  2:58  Hatchery, Drone  
  30  3:01  Drone  
  30  3:05  Drone x2  
  32  3:11  Drone x2  
  35  3:20  Drone x3  
  35  3:22  Drone  
  35  3:24  Drone  
  38  3:50  Drone x4  
  38  3:51  Drone x2  
  38  3:53  Overlord x2  
  44  3:57  Lair  
  44  4:00  Evolution Chamber  
  44  4:02  Evolution Chamber  
  42  4:03  Extractor  
  42  4:04  Extractor  
  42  4:05  Extractor  
  38  4:12  Roach Warren  
  38  4:16  Drone x4  
  41  4:21  Drone  
  42  4:32  Queen  
  42  4:36  Zerg Ground Armor Level 1, Zerg Melee Weapons Level 1  
  44  4:59  Drone  
  45  5:00  Drone x2  
  45  5:01  Roach x5  
  45  5:03  Overlord x3  
  57  5:19  Glial Reconstitution  
  57  5:24  Infestation Pit  
  57  5:26  Drone x3  
  59  5:34  Drone x3  
  59  5:35  Drone x3  
  65  5:36  Roach x4  
  65  5:39  Roach  
  75  6:01  Roach x3  
  77  6:14  Roach x3  
  77  6:15  Overlord  
  77  6:16  Overlord x2  
  79  6:36  Hatchery  
  79  6:37  Ravager  
  79  6:38  Ravager x6  
  85  6:57  Zerg Missile Weapons Level 1  
  85  6:59  Roach x5  
  73  7:46  Roach x9  
  73  7:47  Roach x3  
  97  8:03  Zerg Ground Armor Level 2  
  97  8:04  Roach  
  97  8:05  Roach x3  
  105  8:12  Ravager  
  106  8:17  Overlord x4  
  106  8:35  Roach  
  106  8:36  Roach x12  
  106  8:38  Hatchery  
  106  8:39  Overlord x2  
  131  8:44  Extractor  
  131  8:45  Extractor  
  131  8:47  Roach  
  131  8:54  Queen x3  
  137  8:57  Overlord x2  
  137  8:59  Roach  
  104  9:57  Roach x11  
  94  10:37  Ravager x5  
  94  10:38  Ravager  
  98  10:46  Hive  
  89  11:07  Roach x9  
  89  11:08  Roach x6  
  119  11:14  Roach  
  119  11:15  Hatchery, Roach x8  
  136  11:27  Roach x2  
  136  11:28  Roach x2  
  136  11:29  Queen  
Show
View Real Time Build Order
Export as new Build Order

Saadistic Protoss 

Build Orders: 1 Gate Expand 

Get SALT Encoding   

  12  0:01  Probe (Chrono Boost)  
  13  0:18  Probe (Chrono Boost)  
  13  0:19  Pylon  
  15  0:28  Probe (Chrono Boost)  
  15  0:40  Gateway, Probe (Chrono Boost)  
  16  0:50  Probe (Chrono Boost)  
  17  1:01  Probe (Chrono Boost), Assimilator  
  17  1:04  Assimilator  
  18  1:11  Probe (Chrono Boost)  
  19  1:22  Probe (Chrono Boost)  
  20  1:29  Nexus  
  20  1:35  Probe (Chrono Boost)  
  21  1:40  Zealot  
  23  1:59  Pylon  
  23  2:03  Cybernetics Core  
  23  2:18  Probe (Chrono Boost)  
  23  2:19  Assimilator  
  24  2:28  Probe (Chrono Boost)  
  27  2:39  Probe (Chrono Boost), Adept  
  27  2:40  Warp Gate  
  28  2:49  Probe (Chrono Boost)  
  29  2:55  Probe (Chrono Boost)  
  30  3:00  Probe (Chrono Boost)  
  31  3:06  Adept  
  31  3:08  Pylon  
  33  3:20  Gateway  
  33  3:22  Gateway  
  33  3:25  Probe (Chrono Boost)  
  33  3:26  Probe (Chrono Boost)  
  35  3:33  Robotics Facility  
  35  3:36  Probe x2 (Chrono Boost)  
  37  3:46  Probe (Chrono Boost)  
  37  3:47  Probe (Chrono Boost)  
  39  3:50  Adept  
  41  3:57  Probe (Chrono Boost)  
  41  3:58  Mothership Core (Chrono Boost), Pylon  
  44  4:09  Stalker x2  
  48  4:15  Pylon  
  48  4:16  Probe (Chrono Boost)  
  49  4:20  Probe (Chrono Boost)  
  50  4:27  Probe (Chrono Boost), Immortal (Chrono Boost)  
  57  4:31  Sentry  
  57  4:34  Probe (Chrono Boost)  
  57  4:37  Probe (Chrono Boost)  
  63  4:50  Probe (Chrono Boost)  
  63  4:51  Probe (Chrono Boost)  
  61  5:00  Probe  
  61  5:02  Sentry, Probe  
  61  5:03  Adept  
  67  5:13  Probe  
  67  5:15  Probe  
  67  5:17  Assimilator  
  67  5:20  Assimilator  
  69  5:24  Probe  
  70  5:35  Pylon  
  70  5:38  Pylon  
  70  5:42  Forge  
  70  5:45  Pylon  
  70  5:48  Pylon  
  70  5:52  Probe  
  70  5:53  Probe  
  70  5:54  Immortal (Chrono Boost)  
  70  5:56  Pylon  
  72  6:19  Probe  
  72  6:20  Probe  
  74  6:29  Probe  
  74  6:31  Protoss Ground Weapons Level 1 (Chrono Boost)  
  74  6:32  Probe  
  72  6:33  Stalker x3  
  78  6:41  Probe  
  78  6:44  Probe  
  78  6:46  Immortal (Chrono Boost)  
  80  6:53  Probe  
  80  6:54  Forge  
  84  6:56  Nexus  
  84  6:57  Probe, Pylon  
  84  6:59  Twilight Council, Forge, Pylon  
  85  7:01  Assimilator  
  85  7:02  Assimilator  
  85  7:05  Probe  
  85  7:07  Sentry x3  
  92  7:09  Probe  
  89  7:17  Probe  
  68  7:33  Stalker x3  
  74  7:48  Probe  
  74  7:49  Probe  
  74  7:50  Immortal  
  78  8:00  Pylon  
  78  8:01  Probe x2  
  78  8:03  Pylon  
  78  8:04  Stalker  
  78  8:05  Stalker x2  
  86  8:07  Probe  
  87  8:13  Probe x2  
  87  8:17  Probe  
  90  8:25  Probe  
  90  8:26  Probe, Immortal  
  92  8:28  Probe  
  92  8:32  Protoss Ground Armor Level 1 (Chrono Boost)  
  92  8:33  Protoss Shields Level 1 (Chrono Boost), Blink  
  97  8:35  Protoss Ground Weapons Level 2 (Chrono Boost)  
  97  8:38  Probe x2  
  99  8:44  Probe  
  99  8:47  Stalker  
  99  8:48  Stalker  
  104  8:49  Stalker  
  104  8:50  Probe  
  104  8:52  Probe  
  108  9:06  Robotics Bay  
  108  9:07  Immortal  
  86  9:26  Stalker x3  
  66  9:49  Stalker x3  
  60  10:09  Immortal (Chrono Boost)  
  61  10:25  Pylon  
  61  10:26  Pylon  
  61  10:28  Pylon  
  56  10:33  Pylon  
  56  10:34  Stalker  
  37  10:49  Immortal (Chrono Boost)  
  37  10:59  Stalker  
  39  11:05  Probe  
  39  11:06  Probe  
  41  11:17  Probe  
  42  11:18  Probe  
  42  11:19  Gateway  
  42  11:21  Gateway  
  42  11:23  Stalker, Disruptor (Chrono Boost)  
  48  11:29  Probe  
  48  11:31  Probe  
  50  11:41  Probe  
  50  11:43  Probe  
  52  11:53  Probe  
  39  11:55  Stalker x3  
Tags
 
Add a new tag
Caveats
  • Supply blocks, unpowered buildings, or Contaminate may cause inaccurate times.
  • Supply counts are checked every 10 seconds.